Map: Frozen Temple

Players

NeoBlade

  • Race: Terran Terran

A.I. 1 (Harder) - Winner!

  • Race: Protoss Protoss

VOD

Have the link to the VOD?

Description

Time

  • Played on: Sept. 24, 2016, 6:37 a.m.
  • Length: 5:39
Show
View Real Time Build Order
Export as new Build Order

NeoBlade Terran 

Build Orders:  

Get SALT Encoding   

  12  0:01  SCV  
  13  0:13  SCV  
  14  0:17  Supply Depot  
  14  0:25  SCV  
  15  0:39  SCV  
  15  0:41  Barracks  
  16  0:50  Refinery  
  16  0:51  SCV  
  17  1:03  SCV  
  18  1:15  SCV  
  19  1:27  Orbital Command  
  19  1:35  Barracks Reactor  
  19  1:39  Command Center  
  19  1:49  Barracks  
  19  2:06  Supply Depot  
  19  2:09  SCV  
  19  2:13  Marine x2  
  22  2:19  Engineering Bay  
  22  2:21  SCV  
  23  2:30  Marine x2  
  23  2:33  SCV  
  26  2:37  Barracks Tech Lab  
  26  2:45  SCV  
  26  2:48  Marine x2  
  29  2:53  Bunker  
  29  2:54  Orbital Command  
  29  2:57  SCV  
  30  3:01  Combat Shields  
  30  3:07  Terran Infantry Weapons Level 1  
  30  3:09  SCV  
  31  3:17  Marine x2  
  33  3:21  SCV  
  33  3:22  SCV  
  35  3:27  Supply Depot  
  35  3:32  Marine  
  35  3:33  SCV  
  37  3:34  SCV  
  37  3:35  Marine  
  37  3:36  Marine  
  40  3:45  SCV  
  40  3:46  SCV  
  42  3:50  Marine  
  42  3:53  Supply Depot  
  43  3:56  Barracks  
  43  3:57  SCV  
  43  3:58  SCV  
  45  4:02  Supply Depot  
  45  4:06  Marine x2  
  45  4:08  Marine  
  49  4:10  SCV x2  
  49  4:15  Supply Depot  
  46  4:22  SCV  
  46  4:23  SCV, Marine  
  46  4:24  Marine  
  50  4:30  Marine  
  47  4:34  SCV, Command Center  
  47  4:35  SCV  
  48  4:41  Marine x2  
  48  4:43  Barracks Reactor  
  48  4:45  Barracks  
  50  4:46  SCV  
  50  4:47  SCV  
  50  4:50  Marine  
  53  4:55  Factory  
  53  4:58  SCV  
  53  4:59  SCV, Marine  
  56  5:00  Marine  
  57  5:08  Supply Depot  
  57  5:10  SCV  
  57  5:11  SCV  
  60  5:17  Marine x2  
  62  5:22  SCV  
  62  5:23  SCV  
  61  5:31  Supply Depot  
Show
View Real Time Build Order
Export as new Build Order

A.I. 1 (Harder) Protoss - Winner!

Build Orders: 1 Gate Expand 

Get SALT Encoding   

  12  0:01  Probe (Chrono Boost)  
  13  0:11  Probe (Chrono Boost)  
  14  0:21  Pylon  
  14  0:22  Probe (Chrono Boost)  
  15  0:39  Probe (Chrono Boost)  
  17  0:50  Probe (Chrono Boost)  
  17  0:51  Gateway  
  17  1:13  Nexus, Probe (Chrono Boost)  
  18  1:29  Pylon  
  18  1:32  Assimilator  
  18  1:39  Zealot  
  18  1:42  Cybernetics Core  
  18  1:45  Probe (Chrono Boost)  
  21  1:57  Probe (Chrono Boost)  
  22  2:07  Gateway  
  22  2:08  Probe (Chrono Boost)  
  23  2:15  Assimilator  
  23  2:17  Stalker  
  23  2:21  Pylon  
  25  2:24  Probe (Chrono Boost)  
  26  2:33  Warp Gate  
  27  2:37  Probe (Chrono Boost)  
  27  2:45  Adept  
  30  2:52  Probe (Chrono Boost)  
  30  2:55  Stalker  
  30  2:56  Probe (Chrono Boost)  
  33  3:04  Probe (Chrono Boost)  
  34  3:07  Probe (Chrono Boost)  
  35  3:15  Gateway, Probe (Chrono Boost)  
  35  3:18  Probe (Chrono Boost)  
  37  3:24  Stalker  
  37  3:26  Probe (Chrono Boost)  
  40  3:39  Stalker  
  42  3:53  Assimilator  
  42  3:55  Sentry  
  42  3:59  Assimilator  
  42  4:00  Pylon  
  44  4:10  Zealot  
  44  4:14  Stargate  
  44  4:27  Probe (Chrono Boost)  
  44  4:30  Probe (Chrono Boost)  
  46  4:37  Robotics Facility  
  46  4:38  Probe (Chrono Boost)  
  45  4:48  Probe (Chrono Boost)  
  45  4:51  Probe (Chrono Boost)  
  47  4:56  Void Ray  
  47  4:59  Probe (Chrono Boost)  
  52  5:00  Forge  
  52  5:14  Probe (Chrono Boost)  
  52  5:15  Pylon  
  52  5:17  Probe (Chrono Boost)  
  54  5:26  Probe (Chrono Boost)  
  58  5:28  Probe (Chrono Boost)  
Tags
 
Add a new tag
Caveats
  • Supply blocks, unpowered buildings, or Contaminate may cause inaccurate times.
  • Supply counts are checked every 10 seconds.